 Dungeon Crawl Stone Soup version 0.26-a0-651-gb41185065b (webtiles) character file.

Game seed: 4983089237068256618

104 Ozzies the Skirmisher (level 4, 0/32 HPs)
             Began as a Gargoyle Fighter on Oct 14, 2020.
             Slain by an orc wizard
             ... wielding a +0 dagger
              (2 damage)
             ... on level 3 of the Dungeon.
             The game lasted 00:02:16 (2349 turns).

Ozzies the Skirmisher (Gargoyle Fighter)            Turns: 2349, Time: 00:02:17

Health: 0/32       AC: 10    Str: 21    XL:     4   Next: 80%
Magic:  4/4        EV:  7    Int:  8    God:
Gold:   173        SH:  9    Dex:  9    Spells: 3/3 levels left

rFire    . . .     SeeInvis .   g - +0 dagger (pain)
rCold    . . .     Faith    .   c - +0 kite shield
rNeg     + . .     Spirit   .   b - +0 scale mail
rPois    ∞         Reflect  .   (no helmet)
rElec    +         Harm     .   (no cloak)
rCorr    .         Rampage  .   (no gloves)
MR       .....                  (no boots)
Stlth    ..........             e - amulet of regeneration
HPRegen  0.50/turn              (no ring)
MPRegen  0.09/turn              (no ring)

@: no status effects
A: negative energy resistance 1, electricity resistance, unbreathing,
petrification resistance, rot immunity, AC +3
a: no special abilities


You were on level 3 of the Dungeon.
You visited 1 branch of the dungeon, and saw 3 of its levels.

You collected 173 gold pieces.

Inventory:

Hand Weapons
 a - a +0 flail
 g - a +0 dagger of pain (weapon)
Missiles
 o - 93 stones (quivered)
Armour
 b - a +0 scale mail (worn)
 c - a +0 kite shield (worn)
 s - a +1 hat
Jewellery
 e - an amulet of regeneration (around neck)
 r - an uncursed amulet of guardian spirit {unknown}
Scrolls
 f - 2 scrolls of teleportation {@r3 !r}
 i - 3 scrolls of enchant armour {unknown}
 k - 2 scrolls of identify {unknown}
 m - a scroll of amnesia {unknown}
 p - a scroll of magic mapping {unknown}
 q - 3 scrolls of enchant weapon {unknown}
Potions
 d - 2 potions of might {@q3 !q}
 h - a potion of heal wounds {unknown}
 j - 2 potions of curing {unknown}
 l - 2 potions of stabbing {unknown}
 n - a potion of resistance {unknown}


   Skills:
 + Level 5.9 Fighting
 - Level 2.0 Maces & Flails
 - Level 3.2 Armour
 - Level 3.2 Shields


You had 3 spell levels left.
You didn't know any spells.
Your spell library was empty.

Dungeon Overview and Level Annotations

Branches:
Dungeon (3/15)

Altars:
Dithmenos
Trog


Innate Abilities, Weirdness & Mutations

You are resistant to torment.
Your stone body is resilient. (AC +3)
You are immune to poison.
You resist negative energy. (rN+)
You are resistant to electric shocks. (rElec)
You can survive without breathing.
You are immune to petrification.
You are immune to rotting.


Message History

The orc wizard hits you but does no damage.
You block the orc wizard's attack. The orc hits you but does no damage. x2
You closely miss the orc wizard.
The orc wizard is almost dead.
You block the orc wizard's attack. The orc hits you but does no damage. x2
You hit the orc wizard but do no damage.
The orc wizard is almost dead.
The orc wizard gestures at you while chanting.
The puff of flame hits you. You block the orc wizard's attack.
You block the orc's attack. The orc completely misses you.
You hit the orc wizard but do no damage.
The orc wizard is almost dead.
The orc wizard hits you but does no damage.
The orc barely misses you. You block the orc's attack.
You hit the orc wizard.
The orc wizard is almost dead.
The orc wizard completely misses you. The orc wizard casts a spell at you.
The puff of flame hits you but does no damage.
The orc hits you but does no damage. The orc hits you with a +0 dagger.
You barely miss the orc wizard.
The orc wizard is almost dead.
The orc wizard hits you but does no damage.
The orc barely misses you. You block the orc's attack.
The orc wizard gestures wildly while chanting.
The orc wizard flickers and vanishes!
Deactivating autopickup; reactivate with Ctrl-A.
You barely miss the orc.
You hear some strange, mumbled words.
A puff of flame appears from out of thin air!
The puff of flame hits you. The orc hits you.
The orc hits you but does no damage.
You are too injured to fight recklessly!
You are too injured to fight recklessly!
You are too injured to fight recklessly!
You are too injured to fight recklessly!
You are too injured to fight recklessly!
You are too injured to fight recklessly!
You are too injured to fight recklessly!
You are too injured to fight recklessly!
You are too injured to fight recklessly!
You are too injured to fight recklessly!
You are too injured to fight recklessly!
You are too injured to fight recklessly!
You are too injured to fight recklessly!
You are too injured to fight recklessly!
You are too injured to fight recklessly!
You are too injured to fight recklessly!
You are too injured to fight recklessly!
You are too injured to fight recklessly!
You are too injured to fight recklessly!
You are too injured to fight recklessly!
You are too injured to fight recklessly!
Something hits you.
You see here 10 gold pieces.
Something hits you but does no damage.
You closely miss something.
Something hits you but does no damage. x2
You miss something. Something hits you but does no damage.
You hit the orc but do no damage. The orc hits you with a +0 mace.
Something hits you but does no damage.
You hit the orc.
The orc is moderately wounded.
You hear some strange, mumbled words.
A puff of flame appears from out of thin air!
The puff of flame hits you!
* * * LOW HITPOINT WARNING * * *
The orc hits you but does no damage. Something hits you but does no damage.
You closely miss the orc.
The orc is moderately wounded.
Something hits you but does no damage. The orc hits you but does no damage.
You hit the orc.
The orc is heavily wounded.
Something hits you but does no damage. The orc hits you with a +0 mace.
* * * LOW HITPOINT WARNING * * *
You hear some strange, mumbled words.
A magic dart appears from out of thin air!
The magic dart hits you.
* * * LOW HITPOINT WARNING * * *
You barely miss the orc.
The orc is heavily wounded.
Something hits you but does no damage. You block the orc's attack.
You hit something but do no damage.
You hear some strange, mumbled words.
A puff of flame appears from out of thin air!
The puff of flame hits you.
* * * LOW HITPOINT WARNING * * *
Something hits you but does no damage. The orc hits you but does no damage.
You miss something.
You hear some strange, mumbled words.
A magic dart appears from out of thin air!
The magic dart hits you but does no damage.
You block something's attack. The orc hits you but does no damage.
You hit something but do no damage. Something hits you but does no damage.
The orc hits you with a +0 mace.
* * * LOW HITPOINT WARNING * * *
You block something's attack.
You miss something. Something hits you but does no damage.
You block the orc's attack.
You miss something. Something hits you.
You die...

#..††...# #.#.....#
#[#†)..##
########>##...####.#
......<...†.........
..######.###†.###### ..#
#.# #..# ### #.# #..####
#.# #...{@# ###### #.#
#..##o# .....###.#
#.†#)oo<.....
..............#.....####
.###.### ###.......(# .#
#.##.....# <# #. #....>.
.# .. ######## .# #.


You could see 3 orcs.

Vanquished Creatures
  A gnoll (D:1)
  2 adders (D:2)
  An ooze (D:1)
  A worm (D:2)
  A dart slug (D:1)
  A leopard gecko (D:1)
  5 orcs (D:3)
  A ball python (D:2)
  5 bats
  4 goblins (D:1)
  10 hobgoblins
  12 jackals
  4 kobolds
  A quokka (D:3)
  3 frilled lizards
  A rat (D:1)
53 creatures vanquished.

Notes
Turn   | Place    | Note
-------+----------+-------------------------------------------
     0 | D:1      | Ozzies the Gargoyle Fighter began the quest for the Orb.
     0 | D:1      | Reached XP level 1. HP: 14/14 MP: 1/1
   204 | D:1      | Reached XP level 2. HP: 20/20 MP: 2/2
   251 | D:1      | Reached skill level 4 in Fighting
   538 | D:1      | Reached XP level 3. HP: 22/24 MP: 3/3
   781 | D:1      | Reached skill level 5 in Fighting
  1472 | D:2      | Found a bloodstained altar of Trog.
  1474 | D:2      | Found a shadowy altar of Dithmenos.
  1520 | D:2      | Reached XP level 4. HP: 25/31 MP: 4/4
  2084 | D:2      | Found a faded altar of an unknown god.
  2345 | D:3      | HP: 1/32 [something/puff of flame (4)]
  2349 | D:3      | Slain by an orc wizard

Illustrated notes

Levels and vault maps discovered:
D:1:      dpeg_arrival_fog, layout_basic
D:2:      layout_loops_cross, grunt_temple_overflow_open,
          chequers_ecumenical_altar_island, minmay_small_reverse_x
D:3:      layout_loops_ring, uniq_terence, uniq_crazy_yiuf_cottage

Skill      XL: |  1  2  3 |
---------------+----------+-----
Fighting       | 4 5 |  5.9
Maces & Flails | |  2.0
Armour         | |  3.2
Shields        | |  3.2

Action                   |  1- 3 |  4- 6 || total
-------------------------+-------+-------++-------
Melee: Flail             |    56 |       ||    56
       Dagger            |   124 |   146 ||   270
       Mace              |       |    12 ||    12
  Use: Scroll            |       |     2 ||     2
Armor: Scale mail        |   131 |   122 ||   253
Dodge: Dodged            |    73 |    59 ||   132
Block: Kite shield       |   140 |   117 ||   257

Table legend: (Time is in decaauts)
 A = Elapsed time spent in this place.
 B = Non-inter-level travel time spent in this place.
 C = Inter-level travel time spent in this place.
 D = Time resting spent in this place.
 E = Time spent auto-exploring this place.
 F = Levels seen in this place.
 G = Mean time per level.
                   A        B        C        D        E       F      G
               +--------+--------+--------+--------+--------+-----+--------+
         Total |   2398 |   2333 |     65 |    390 |   1376 |   3 |  799.3 |
       Dungeon |   2398 |   2333 |     65 |    390 |   1376 |   3 |  799.3 |
               +--------+--------+--------+--------+--------+-----+--------+

Top non-repeatable levels by time:
     D:1: 1495 daAuts
     D:2: 736 daAuts
     D:3: 166 daAuts
